 Dungeon Crawl Stone Soup version 0.23.0 (webtiles) character file.

Game seed: 3101737335685106615

142 theswoord the Distorting Demonspawn (level 5, 0/41 HPs)
             Began as a Demonspawn Abyssal Knight on Feb 9, 2019.
             Was a Believer of Lugonu.
             Slain by a gnoll sergeant
             ... wielding a +0 spear of distortion
              (12 damage)
             ... on level 3 of the Dungeon.
             The game lasted 00:06:40 (2412 turns).

theswoord the Distorting Demonspawn (DsAK)          Turns: 2412, Time: 00:06:42

Health: 0/41       AC:  9    Str: 12    XL:     5   Next: 3%
Magic:  8/8        EV:  9    Int: 14    God:    Lugonu [**....]
Gold:   76         SH:  0    Dex: 13    Spells: 4/4 levels left

rFire    . . .     SeeInvis .   b - +0 war axe
rCold    . . .     Gourm    .   (no shield)
rNeg     . . .     Faith    .   d - +0 scale mail
rPois    .         Spirit   .   (helmet restricted)
rElec    .         Reflect  .   o - scarf {repulsion}
rCorr    .         Harm     .   (no gloves)
MR       .....                  k - +2 pair of boots
Stlth    ..........             (no amulet)
HPRegen  0.13/turn              (no ring)
MPRegen  0.11/turn              (no ring)

@: repel missiles
A: horns 1, spiny 1
a: Depart the Abyss, Bend Space, Renounce Religion


You were on level 3 of the Dungeon.
You worshipped Lugonu.
Lugonu was pleased with you.
You were not hungry.

You visited 1 branch of the dungeon, and saw 3 of its levels.
You visited the Abyss 1 time.

You collected 76 gold pieces.

Inventory:

Hand Weapons
 a - a +1 hand axe
 b - a +0 war axe (weapon)
Armour
 d - a +0 scale mail (worn)
 k - a +2 pair of boots (worn)
 o - a scarf of repulsion (worn)
Wands
 i - a wand of acid (10)
Scrolls
 g - a scroll of identify
 h - a scroll of enchant armour
Potions
 e - 3 potions of curing
 f - a potion of cancellation
 l - a potion of flight {unknown}
Comestibles
 c - 5 rations
 m - 6 chunks of flesh


   Skills:
 - Level 3.0 Fighting
 + Level 3.5 Axes
 - Level 1.7 Armour
 - Level 0.8 Dodging
 + Level 5.1 Invocations


You had 4 spell levels left.
You didn't know any spells.
Your spell library contained the following spells:

 Spells                   Type           Power        Failure   Level  Hunger
 Freeze                   Ice            #...         83%         1    ##.....
 Throw Frost              Conj/Ice       #.....       92%         2    ###....
 Ozocubu's Armour         Chrm/Ice       #.......     99%         3    ####...
 Summon Ice Beast         Ice/Summ       #.......     100%        4    #####..
 Throw Icicle             Conj/Ice       #.......     100%        4    #####..


Dungeon Overview and Level Annotations

Branches:
Dungeon (3/15)

Altars:
Fedhas
The Shining One


Innate Abilities, Weirdness & Mutations

You have a pair of small horns on your head.
You are partially covered in sharp spines.


Message History

You have reached level 5!
The gnoll hits you but does no damage.
Okay, then.
It was a potion of cancellation.
You feel magically purged.
You closely miss the gnoll sergeant. The gnoll sergeant barely misses you.
The gnoll hits you with a +0 whip.
You barely miss the gnoll sergeant.
You headbutt the gnoll sergeant, but do no damage.
You closely miss the gnoll.
The gnoll sergeant is struck by your spines.
The gnoll sergeant hits you with a +0 spear of distortion!
* * * LOW HITPOINT WARNING * * *
Space bends around you.
* * * LOW HITPOINT WARNING * * *
The gnoll is struck by your spines. The gnoll hits you but does no damage.
The gnoll sergeant is struck by your spines.
The gnoll sergeant hits you with a +0 spear of distortion.
* * * LOW HITPOINT WARNING * * *
Space warps horribly around you!
You die...

#####.# #####.#
#..##.# .#
#######รท##.# #.#
........##.# #.# .
######.....#######.#
.. ##.####.....#.# #
...
#.##ggJ...##.#.#....
#.##@#.##.##.#J..#
#.##.#.##.)gJ....#
#....#.#####.#####
######.# #.# #.. ..#
... .... ### #####


You could see a gnoll sergeant, a gnoll and an ooze.

Vanquished Creatures
  2 gnolls (D:3)
  5 adders (D:2)
  An adder skeleton (D:2)
  A worm (D:2)
  3 dart slugs
  7 leopard geckos
  4 orcs (D:3)
  3 bats
  3 giant cockroaches
  4 goblins
  5 hobgoblins
  2 quokkas (D:3)
  4 frilled lizards
  10 kobolds
  3 rats
57 creatures vanquished.

Vanquished Creatures (others)
  4 toadstools (D:1)
4 creatures vanquished.

Grand Total: 61 creatures vanquished

Notes
Turn   | Place    | Note
-------+----------+-------------------------------------------
     0 | Abyss:1  | theswoord the Demonspawn Abyssal Knight began the quest for
                  | the Orb.
     0 | Abyss:1  | Reached XP level 1. HP: 18/18 MP: 2/2
    17 | D:1      | Escaped the Abyss
   124 | D:1      | Reached skill level 3 in Invocations
   124 | D:1      | Gained mutation: You have a pair of small horns on your
                  | head. [demonic ancestry]
   124 | D:1      | Reached XP level 2. HP: 24/24 MP: 2/4
   875 | D:2      | Gained mutation: You are partially covered in sharp spines.
                  | [demonic ancestry]
   875 | D:2      | Reached XP level 3. HP: 12/29 MP: 5/5
   928 | D:2      | Reached skill level 4 in Invocations
  1422 | D:2      | Reached XP level 4. HP: 31/35 MP: 7/7
  1425 | D:2      | Reached ** piety under Lugonu
  1791 | D:2      | Found a glowing golden altar of the Shining One.
  2305 | D:3      | Found a blossoming altar of Fedhas.
  2389 | D:3      | Noticed a gnoll sergeant
  2395 | D:3      | Reached skill level 5 in Invocations
  2402 | D:3      | Reached XP level 5. HP: 26/41 MP: 8/8
  2412 | D:3      | Slain by a gnoll sergeant

Skill      XL: |  1  2  3  4 |
---------------+-------------+-----
Axes           | 2 3 |  3.5
Invocations    | 3 4 5 |  5.1
Fighting       | |  3.0
Armour         | |  1.7
Dodging        | |  0.8

Action                   |  1- 3 |  4- 6 || total
-------------------------+-------+-------++-------
Melee: Hand axe          |    85 |    18 ||   103
       Headbutt          |     9 |    13 ||    22
       War axe           |       |    28 ||    28
  Use: Scroll            |       |     5 ||     5
       Potion            |       |     1 ||     1
  Eat: Chunk             |     2 |     3 ||     5
Armor: Leather armour    |     4 |       ||     4
       Scale mail        |    46 |    23 ||    69
Dodge: Dodged            |    42 |    20 ||    62
       Deflected         |       |     1 ||     1

Levels and vault maps discovered:
D:1:      ldierk_walled_garden_2, layout_basic
D:2:      layout_loops_ring, tso_altar
D:3:      corexii_shack_village, layout_loops_cross, lemuel_doored_altar,
          serial_co_window_serial, co_window_paths_b, co_window_corner_a,
          co_window_paths_b, co_window_paths_a, co_window_cross_1,
          co_window_corner_a, co_window_paths_a, co_window_broadway_a,
          co_window_broadway_b, co_window_unsneaky_path_b, co_window_sun,
          co_window_4corner_b, glass_columns_b
Abyss:1
